 Dungeon Crawl Stone Soup version 0.17.0-28-g6e173f8 (webtiles) character file.

65 dohliylev the Skirmisher (level 4, 0/40 HPs)
             Began as a Hill Orc Fighter on Dec 1, 2015.
             Slain by a goblin (1 damage)
             ... on level 2 of the Dungeon on Dec 2, 2015.
             The game lasted 00:04:37 (1511 turns).

dohliylev the Skirmisher (Hill Orc Fighter)         Turns: 1511, Time: 00:04:37

Health: 0/40       AC: 11    Str: 19    XL:     4   Next: 13%
Magic:  4/4        EV:  3    Int:  8    God:
Gold:   63         SH:  9    Dex: 10    Spells: 0 memorised, 3 levels left

rFire  . . .     SeeInvis .     r - +3 club
rCold  . . .     Clarity  .     i - +0 plate armour
rNeg   . . .     SustAt   .     c - +0 shield
rPois  .         Gourm    .     (no helmet)
rElec  .         Spirit   .     (no cloak)
rCorr  .         Warding  .     (no gloves)
rMut   .         Stasis   .     (no boots)
MR     .....                    (no amulet)
Stlth  ..........               (no ring)
                                (no ring)

@: not resistant to hostile enchantments, extremely unstealthy
A: no striking features
a: no special abilities


You were on level 2 of the Dungeon.
You were very hungry.

You visited 1 branch of the dungeon, and saw 2 of its levels.

You collected 63 gold pieces.

Inventory:

Hand Weapons
 a - a +0 war axe
 r - a +3 club (weapon)
Armour
 c - a +0 shield (worn)
 i - a +0 plate armour (worn)
Jewellery
 p - a +5 ring of dexterity {unknown}
 q - a cursed ring of loudness {unknown}
Scrolls
 b - a scroll of identify {unknown}
 f - a scroll of enchant weapon {unknown}
 h - a scroll of remove curse {unknown}
 j - a scroll of immolation {unknown}
 k - a scroll of amnesia {unknown}
 l - 2 scrolls of teleportation {unknown}
 n - a scroll of random uselessness {unknown}
Potions
 d - a potion of might
Comestibles
 e - a bread ration
 g - a beef jerky
 m - 3 fruits


   Skills:
 + Level 4.1 Fighting
 + Level 3.3 Axes
 + Level 3.7 Armour
 + Level 0.2 Dodging
 + Level 0.1 Stealth
 + Level 4.1 Shields


You had 3 spell levels left.
You didn't know any spells.

Dungeon Overview and Level Annotations

Branches:
Dungeon (2/15)

Altars:
Cheibriados
Gozag


Message History

The hobgoblin hits you but does no damage.
The goblin hits you but does no damage. You block the hobgoblin's attack.
The hobgoblin hits you but does no damage.
The goblin hits you but does no damage. The kobold completely misses you.
The hobgoblin barely misses you. You block the hobgoblin's attack.
The goblin hits you but does no damage. You block the hobgoblin's attack.
The hobgoblin hits you but does no damage.
The kobold hits you but does no damage. You block the hobgoblin's attack.
The goblin hits you but does no damage.
The hobgoblin hits you but does no damage.
The hobgoblin hits you with a club.
* * * LOW HITPOINT WARNING * * *
You block the kobold's attack. The goblin hits you but does no damage.
The hobgoblin hits you but does no damage. x2
You block the hobgoblin's attack. The kobold hits you but does no damage.
The goblin hits you.
You die...

################
.............. .#
#.........%# .#
#..........# .# #
#...?....?.# #.## #.##
#......g...# ...
...##....g@....# .#
#.##..(.gKg...# .#
#....(........+
.###+###.##..........#
...+_+.....####........
.#######...# #........#
.# ### #...# #........#
.#######.### #........#
.!.......# .....


You could see 3 hobgoblins, a goblin and a kobold.

Vanquished Creatures
  Ijyb (D:2)
  An ooze (D:1)
  2 giant geckos (D:1)
  5 bats
  4 hobgoblins
  2 jackals (D:2)
  2 giant cockroaches (D:1)
  4 giant newts (D:1)
  5 kobolds
  5 rats
31 creatures vanquished.

Notes
Turn   | Place    | Note
--------------------------------------------------------------
     0 | D:1      | dohliylev the Hill Orc Fighter began the quest for the Orb.
     0 | D:1      | Reached XP level 1. HP: 19/19 MP: 1/1
    91 | D:1      | Reached XP level 2. HP: 27/27 MP: 2/2
   376 | D:1      | Reached XP level 3. HP: 33/33 MP: 3/3
   846 | D:2      | Found a snail-covered altar of Cheibriados.
   859 | D:2      | Reached skill level 4 in Shields
   938 | D:2      | Noticed Ijyb
   958 | D:2      | Killed Ijyb
   958 | D:2      | Reached XP level 4. HP: 36/40 MP: 4/4
  1443 | D:2      | Found an opulent altar of Gozag.
  1504 | D:2      | HP: 1/40 [hobgoblin/club (4)]
  1509 | D:2      | HP: 1/40 [hobgoblin/club (1)]
  1511 | D:2      | Slain by a goblin

Action                   |  1- 3 |  4- 6 || total
-------------------------+-------+-------++-------
Melee: War axe           |   105 |     6 ||   111
       Club              |       |     2 ||     2
  Eat: Chunk             |       |     1 ||     1
